 Dungeon Crawl Stone Soup version 0.18.1-47-g9310371 (console) character file.

829 Kloppie the Basher (level 7, -4/57 HPs)
             Began as a Minotaur Berserker on June 22, 2016.
             Was a Priest of Trog.
             Slain by a shadow dragon skeleton (7 damage)
             ... on level 1 of the Abyss.
             The game lasted 00:07:17 (4467 turns).

Kloppie the Basher (Minotaur Berserker)             Turns: 4467, Time: 00:07:17

Health: -4/57      AC:  9    Str: 21    XL:     7   Next: 65%
Magic:  6/6        EV: 11    Int:  4    God:    Trog [***...]
Gold:   216        SH:  0    Dex: 12    Spells: 0 memorised, 6 levels left

rFire  . . .     SeeInvis .     a - +3 flail
rCold  . . .     Gourm    .     h - +0 mottled dragon armour
rNeg   . . .     Faith    .     (no shield)
rPois  .         Spirit   .     (helmet restricted)
rElec  .         Dismiss  .     l - +0 cloak
rCorr  .         Reflect  .     u - +1 pair of gloves
SustAt .         Harm     .     (no boots)
MR     .....                    (no amulet)
Stlth  +.........               (no ring)
                                (no ring)

@: very slightly contaminated, heavily drained, not resistant to hostile
enchantments, very unstealthy
A: retaliatory headbutt, horns 2
a: Berserk, Trog's Hand, Burn Spellbooks, Renounce Religion


You were on level 1 of the Abyss.
You worshipped Trog.
Trog was most pleased with you.
You were hungry.

You visited 1 branch of the dungeon, and saw 6 of its levels.
You visited the Abyss 1 time.

You collected 216 gold pieces.

Inventory:

Hand Weapons
 a - a +3 flail (weapon)
 t - a +0 mace
Armour
 h - a +0 mottled dragon armour (worn)
 l - a +0 cloak (worn)
 s - a +0 chain mail
 u - a +1 pair of gloves (worn)
Wands
 z - a wand of random effects (48/48)
Scrolls
 d - a scroll of recharging
 f - 3 scrolls of teleportation
 g - 2 scrolls of remove curse
 j - 2 scrolls of fog
 o - a scroll of enchant armour
 q - a scroll of noise
 w - a scroll of magic mapping
 x - a scroll of blinking
Potions
 b - 2 potions of haste
 e - 2 potions of might
 n - a potion of mutation
 p - 3 potions of curing {unknown}
 r - a potion of cure mutation
Comestibles
 c - 3 bread rations
 i - 4 fruits
 k - a beef jerky
 m - 2 meat rations
 v - a slice of pizza


   Skills:
 - Level 3.6(2.2) Fighting
 + Level 10.8(9.1) Maces & Flails
 - Level 2.4(1.0) Armour
 - Level 2.1(0.8) Dodging


You had 6 spell levels left.
You didn't know any spells.

Dungeon Overview and Level Annotations

Branches:
Dungeon (6/15)             Temple (0/1) D:5

Altars:
Kikubaaqudgha
Makhleb
Nemelex Xobeh
Qazlal
Trog
Vehumet
Yredelemnul
Zin


Innate Abilities, Weirdness & Mutations

You reflexively headbutt those who attack you in melee.
You have a pair of horns on your head.


Message History

You are feeling hungry.
You see here 6 curare-tipped needles.
You open the door.
There is an open door here.
There is an open door here.
A shadow dragon skeleton comes into view.
A white imp comes into view.
The white imp shouts, "Leave, thou baffled dismal-dreaming wastrel!"
The shadow dragon skeleton bites you.
* * * LOW HITPOINT WARNING * * *
The shadow dragon skeleton claws you!
* * * LOW HITPOINT WARNING * * *
The shadow dragon skeleton claws you but does no damage.
A starcursed mass comes into view.
The white imp gestures at you. The puff of frost hits you!
* * * LOW HITPOINT WARNING * * *
The shadow dragon skeleton bites you but does no damage.
The shadow dragon skeleton claws you!
You die...

##### # ....# #...#
#......# #####...#
#.......
########.......###...
..#
...............'.'..z(..
..............z###....).
.X5..........z.# #.....#
........Z..z.###
#####.[# ....####@.....#
#.## .# #.##..## #.#
.......# #..# #..##...#
.#.. .... ..... . .
........... . .. .....
... ... ..##.. ##. #...
..


You could see a starcursed mass (wandering), 3 wights, a white imp and a shadow
dragon skeleton.

Vanquished Creatures
  An ice beast (D:4)
  An ogre (D:5)
  A centaur (D:5)
  2 scorpions (D:5)
  2 wights
  A crimson imp (D:6)
  A centaur skeleton (D:5)
  Crazy Yiuf (D:5)
  A howler monkey zombie (D:5)
  A worker ant zombie (D:5)
  16 gnolls
  2 adders (D:3)
  2 oozes
  4 worms
  A dart slug (D:1)
  2 giant geckos
  9 orcs
  A ball python (D:3)
  5 giant cockroaches
  2 goblins
  11 hobgoblins
  3 jackals (D:3)
  6 kobolds
  3 quokkas
  6 bats
  2 giant newts
  5 rats
92 creatures vanquished.

Notes
Turn   | Place    | Note
--------------------------------------------------------------
     0 | D:1      | Kloppie the Minotaur Berserker began the quest for the Orb.
     0 | D:1      | Reached XP level 1. HP: 19/19 MP: 0/0
   123 | D:1      | Reached skill level 4 in Maces & Flails
   129 | D:1      | Reached XP level 2. HP: 18/26 MP: 1/1
   295 | D:1      | Reached skill level 5 in Maces & Flails
   308 | D:1      | Reached XP level 3. HP: 24/31 MP: 2/2
   366 | D:1      | Reached ** piety under Trog
  1352 | D:3      | Found a basalt altar of Yredelemnul.
  1353 | D:3      | Found a sparkling altar of Nemelex Xobeh.
  1354 | D:3      | Found a burning altar of Makhleb.
  1367 | D:3      | Found a stormy altar of Qazlal.
  1367 | D:3      | Found an ancient bone altar of Kikubaaqudgha.
  1564 | D:3      | Reached XP level 4. HP: 39/39 MP: 3/3
  1565 | D:3      | Reached skill level 6 in Maces & Flails
  1735 | D:3      | Reached XP level 5. HP: 18/45 MP: 4/4
  2046 | D:3      | Reached skill level 7 in Maces & Flails
  2048 | D:3      | Reached *** piety under Trog
  2467 | D:4      | Noticed an ice beast
  2558 | D:4      | Killed an ice beast
  2558 | D:4      | Reached skill level 8 in Maces & Flails
  2558 | D:4      | Reached XP level 6. HP: 36/51 MP: 5/5
  2653 | D:4      | Found a glowing silver altar of Zin.
  2657 | D:4      | Found a radiant altar of Vehumet.
  2804 | D:4      | Found a bloodstained altar of Trog.
  3422 | D:5      | Entered Level 5 of the Dungeon
  3448 | D:5      | Reached skill level 9 in Maces & Flails
  3513 | D:5      | Reached XP level 7. HP: 22/57 MP: 6/6
  3517 | D:5      | Reached skill level 10 in Maces & Flails
  3602 | D:5      | Found a sparkling altar of Nemelex Xobeh.
  3706 | D:5      | Noticed Crazy Yiuf
  3711 | D:5      | Killed Crazy Yiuf
  3880 | D:5      | Found a staircase to the Ecumenical Temple.
  4401 | D:6      | Cast into level 1 of the Abyss (orc)
  4467 | Abyss:1  | Noticed a starcursed mass
  4467 | Abyss:1  | Slain by a shadow dragon skeleton

Skill      XL: |  1  2  3  4  5  6  7 |
---------------+----------------------+-----
Maces & Flails | 4 5 6 8 9 10 | 10.8
Fighting       | |  3.6
Armour         | |  2.4
Dodging        | |  2.1

Action                   |  1- 3 |  4- 6 |  7- 9 || total
-------------------------+-------+-------+-------++-------
Melee: Mace              |    75 |    56 |       ||   131
       Headbutt          |    13 |    26 |     6 ||    45
       Flail             |       |    52 |    27 ||    79
Invok: Berserk           |       |     5 |     1 ||     6
       Trog's Hand       |       |     2 |     2 ||     4
  Use: Scroll            |       |    17 |     2 ||    19
       Potion            |       |       |     1 ||     1
  Eat: Chunk             |     2 |    10 |     4 ||    16
       Beef jerky        |       |       |     1 ||     1
Armor: Animal skin       |     6 |       |       ||     6
       Ring mail         |     5 |       |       ||     5
       Mottled dragon ar |    10 |    30 |    15 ||    55
Dodge: Dodged            |    45 |    94 |    16 ||   155
